 Dungeon Crawl Stone Soup version 0.19-a0-1195-ge0bab27 (webtiles) character file.

13425 Gelly3 the Cleaver (level 12, -12/96 HPs)
             Began as a Formicid Fighter on Aug 19, 2016.
             Was a Follower of Uskayaw.
             Mangled by a two-headed ogre
             ... wielding a +0 giant spiked club
              (24 damage)
             ... on level 12 of the Dungeon.
             The game lasted 00:45:25 (13775 turns).

Gelly3 the Cleaver (Formicid Fighter)              Turns: 13775, Time: 00:45:25

Health: -12/96     AC:  8    Str: 27    XL:     12   Next: 32%
Magic:  13/15      EV: 18    Int:  4    God:    Uskayaw [*.....]
Gold:   403        SH: 13    Dex: 19    Spells: 0 memorised, 11 levels left

rFire  . . .     SeeInvis +     L - +1 war axe
rCold  . . .     Gourm    .     I - +2 chain mail "Uluorgh" {rPois rN+ Int-4 Slay+6}
rNeg   + . .     Faith    .     c - +0 shield
rPois  +         Spirit   .     (helmet unavailable)
rElec  .         Dismiss  .     s - +1 cloak
rCorr  .         Reflect  .     u - +0 pair of gloves
MR     +++..     Harm     .     K - +0 pair of boots
Stlth  ..........               k - amulet of magic regeneration
                                v - ring of flight {+Fly, !d}
                                B - +2 ring of protection

@: mighty, agile, corroded
A: permanent stasis, dig shafts and tunnels, four strong arms, antennae 3,
iridescent scales 2, blurry vision 1, low mp 1, magic resistance 2, robust 1
a: Dig, Shaft Self, Stomp, Renounce Religion, Evoke Flight


You were on level 12 of the Dungeon.
You worshipped Uskayaw.
Uskayaw was noncommittal.
You were hungry.

You visited 2 branches of the dungeon, and saw 13 of its levels.

You collected 716 gold pieces.
You spent 313 gold pieces at shops.

Inventory:

Hand Weapons
 L - a +1 war axe (weapon)
   (You took it off an orc on level 7 of the Dungeon)
 U - the +4 flail of Immorality {crush, +Inv Str+5 Dex+5}
   (You found it on level 10 of the Dungeon)

   It inflicts extra damage upon your enemies.
   It affects your strength (+5).
   It affects your dexterity (+5).
   It lets you turn invisible.
 W - a +0 blowgun
   (You took it off a kobold on level 10 of the Dungeon)
Missiles
 y - 189 stones (quivered)
 C - a throwing net {=f, !d}
Armour
 c - a +0 shield (worn)
 s - a +1 cloak (worn)
   (You found it on level 2 of the Dungeon)
 u - a +0 pair of gloves (worn)
   (You found it on level 2 of the Dungeon)
 I - the +2 chain mail "Uluorgh" (worn) {rPois rN+ Int-4 Slay+6}
   (You bought it in a shop on level 6 of the Dungeon)

   It affects your intelligence (-4).
   It affects your accuracy and damage with ranged weapons and melee attacks
   (+6).
   It protects you from poison.
   It protects you from negative energy.
 K - a +0 pair of boots (worn)
   (You found it on level 8 of the Dungeon)
Magical Staves
 q - an uncursed staff of cold {unknown}
   (You found it on level 12 of the Dungeon)
Jewellery
 k - an amulet of magic regeneration (around neck)
   (You found it on level 1 of the Dungeon)
 v - a ring of flight (right hand) {+Fly, !d}
   (You found it on level 3 of the Dungeon)
 B - a +2 ring of protection (left hand)
   (You found it on level 4 of the Dungeon)
Wands
 t - a wand of flame (40/48)
   (You took it off Sigmund on level 2 of the Dungeon)
 E - a wand of digging (10/24)
   (You took it off a gnoll on level 5 of the Dungeon)
 F - a wand of teleportation (5/9)
   (You found it on level 5 of the Dungeon)
 J - a wand of polymorph (11/24)
   (You took it off an orc on level 7 of the Dungeon)
 P - a wand of disintegration (6/24)
   (You found it on level 10 of the Dungeon)
 V - a wand of enslavement (13/24)
   (You found it on level 11 of the Dungeon)
 Z - a wand of iceblast (5/15)
   (You found it on level 12 of the Dungeon)
Scrolls
 a - 2 scrolls of fear
 h - 4 scrolls of recharging
 i - 3 scrolls of immolation {!r}
 n - a scroll of magic mapping {!r}
 o - 7 scrolls of remove curse
 r - 3 scrolls of fog
 w - 3 scrolls of identify
 D - a scroll of enchant weapon
 M - a scroll of silence
Potions
 b - a potion of brilliance
 e - 3 potions of invisibility
 l - 8 potions of curing
 m - a potion of resistance
 p - a potion of ambrosia
 A - a potion of cancellation
 G - 3 potions of agility
 H - a potion of lignification {!q}
 Y - 3 potions of haste
Books
 Q - the Papyrus of Glacial Shape Shifting
   (You found it on level 9 of the Dungeon)

   Spells                             Type                      Level
   a - Throw Frost                    Conjuration/Ice              2
   b - Summon Ice Beast               Ice/Summoning                4
   c - Petrify                        Transmutation/Earth          4
   d - Yara's Violent Unravelling     Hexes/Transmutation          5
 S - a book of Geomancy
   (You found it on level 10 of the Dungeon)
Comestibles
 f - 12 bread rations
 g - 7 meat rations
 x - a beef jerky
 z - 5 chunks of flesh
 N - a slice of pizza
 O - a royal jelly


   Skills:
 - Level 6.0 Fighting
 - Level 12.0 Axes
 - Level 4.1 Throwing
 - Level 8.2 Armour
 - Level 6.0 Dodging
 - Level 9.0 Shields
 + Level 7.6 Invocations


You had 11 spell levels left.
You didn't know any spells.

Dungeon Overview and Level Annotations

Branches:
Dungeon (12/15)            Temple (1/1) D:5            Lair (0/6) D:11
    Orc (0/2) D:10

Altars:
Ashenzari
Cheibriados
Dithmenos
Elyvilon
Fedhas
Gozag
Hepliaklqana
Kikubaaqudgha
Makhleb
Nemelex Xobeh
Okawaru
Qazlal
Ru
Sif Muna
Trog
Uskayaw
Vehumet
Xom
Yredelemnul
Zin
The Shining One

Shops:
D:6 [   D:7 :   D:8 %   D:10 ?   D:11 (

Annotations:
D:8 exclusion: ice statue
D:11 exclusion: 2 oklob plants


Innate Abilities, Weirdness & Mutations

You are under a permanent stasis effect.
You can dig through walls and to a lower floor.
Your four strong arms can wield two-handed weapons with a shield.
You have a pair of large antennae on your head. (SInv)
You are mostly covered in iridescent scales. (AC +4)
Scrolls take you a little longer to read.
Your magical capacity is low. (-10% MP)
You are highly resistant to hostile enchantments. (MR++)
You are robust. (+10% HP)


Message History

Evoke which item? (* ta show all) (? fer menu, 'sc ta quit) Okay, than.
Okay, than.
Ye feel very mighty all o' a sudd'n.
Tha two-headed ogre shouts in stereo!
Tha brown ugly thin' barely misses ye.
Unknown command.
Ye block tha brown ugly thin''s attack.
Unknown command.
Tha brown ugly thin' tentacle-slaps ye but does nay damage.
Thin's tha be 'ere: a giant club; a steam dragon skeleton Ye slash tha brown ugly thin'!
Tha brown ugly thin' be moderately wounded.
Tha brown ugly thin' tentacle-slaps ye.
Ye be splashed wit' acid!
Tha acid corrodes ye!
Tha acid burns!
Ye slash tha brown ugly thin'!
Tha brown ugly thin' be heavily wounded.
Tha brown ugly thin' tentacle-slaps ye but does nay damage.
Ye hit tha brown ugly thin'.
Tha brown ugly thin' be severely wounded.
Tha brown ugly thin' tentacle-slaps ye but does nay damage.
Ye barely miss tha brown ugly thin'.
Tha brown ugly thin' be severely wounded.
Tha brown ugly thin' tentacle-slaps ye but does nay damage.
Ye barely miss tha brown ugly thin'.
Tha brown ugly thin' be severely wounded.
Ye slash tha brown ugly thin'!
Tha brown ugly thin' be almost dead.
Tha brown ugly thin' tentacle-slaps ye.
Ye be splashed wit' acid!
Tha acid corrodes ye!
Tha acid burns!
Ye can now pass through a line o' othar dancers.
Ye slash tha brown ugly thin'!
Tha brown ugly thin' be almost dead.
Ye block tha brown ugly thin''s attack.
Some o' tha chunks o' flesh in yer inventory haf rotted away.
Ye closely miss tha brown ugly thin'.
Tha brown ugly thin' be almost dead.
Ye block tha brown ugly thin''s attack.
Ye closely miss tha brown ugly thin'.
Tha brown ugly thin' be almost dead.
Ye block tha brown ugly thin''s attack.
Ye hit tha brown ugly thin' but do nay damage.
Tha brown ugly thin' be almost dead.
Tha brown ugly thin' tentacle-slaps ye!
Ye be splashed wit' acid!
Tha acid burns!
* * * LOW HITPOINT WARNIN'
* * * Unknown command.
Ye feel much better.
Ye block tha brown ugly thin''s attack.
Evoke which item? (* ta show all) (? fer menu, 'sc ta quit) Okay, than.
Ye hit tha brown ugly thin' but do nay damage.
Tha brown ugly thin' be almost dead.
Tha brown ugly thin' tentacle-slaps ye!
* * * LOW HITPOINT WARNIN'
* * * Ye be splashed wit' acid!
Tha acid corrodes ye!
Tha acid burns!
* * * LOW HITPOINT WARNIN'
* * * Unknown command.
Okay, than.
Evoke which item? (* ta show all) (? fer menu, 'sc ta quit) Okay, than.
Ye feel much better.
Ye block tha brown ugly thin''s attack.
Ye can nay longer pass through a line o' othar dancers.
Evoke which item? (* ta show all) (? fer menu, 'sc ta quit) Zappin':
Z - a wand o' iceblast (6/15)
Press: ? - help, Shift-Dir - straight line, f - brown ugly thin'
Aim: a brown ugly thin' (almost dead) Tha beam be likely ta hit ye.
Continue anyway?
Tha mass o' ice 'splodes!
Tha iceblast 'ngulfs tha brown ugly thin'.
Ye kill tha brown ugly thin'!
Tha iceblast 'ngulfs ye!
* * * LOW HITPOINT WARNIN' * * * 'tis wand has 5 charges left.
Ye can now pass through a line o' othar dancers.
Ye stomp wit tha beat, sendin' a shockwave through tha revelers around ye!
Tha two-headed ogre be heavily wounded.
Ye be feelin' hungry.
Ye can nay longer pass through a line o' othar dancers.
Tha two-headed ogre hits ye wit' a giant spiked club!
* * * LOW HITPOINT WARNIN'
* * * Tha two-headed ogre closely misses ye.
Ye feel much better.
Tha two-headed ogre hits ye wit' a giant spiked club!
* * * LOW HITPOINT WARNIN'
* * * Ye block tha two-headed ogre's attack.
Ye feel agile all o' a sudd'n.
Evoke which item? (* ta show all) (? fer menu, 'sc ta quit) Okay, than.
Evoke which item? (* ta show all) (? fer menu, 'sc ta quit) Okay, than.
Evoke which item? (* ta show all) (? fer menu, 'sc ta quit) Okay, than.
It was a potion o' curin'.
Ye feel better.
Tha two-headed ogre hits ye wit' a giant spiked club!!
* * * LOW HITPOINT WARNIN'
* * * Ye block tha two-headed ogre's attack.
Ye feel better.
Tha two-headed ogre hits ye wit' a giant spiked club!!
Ye die...

**##(.,,,,,,>**
##.?###.(# #..
,,....,*******
##..## ##.# #.#
,,,...#* #######..##
#.# #.#
****#..####.......##
##.# #.#
*#..[....O...##
#..#####.#
##....####.##
##........) ##....#
##.# ##.......... *
#.....#* #O##
#..........# *
#..#...#*##@#
#..###..##[# **
*#..###..#*### #<##
#####.# ,*
*#...,,*#..#* #.#
#.. ,* #....,,,*...#
#.# ####### ,*
##...,,,*#..# #.#
##...... **
#...,,,,*..#* #.#
#..##### *
##..,,,,,,,,*** ##[#
#.##
**,,,,,,,,,,,**#.##
#.#
****,,,,****,,###
#.##


You could see a two-headed ogre.

Vanquished Creatures
  2 hill giants (D:12)
  A manticore (D:12)
  2 ugly things
  A cyclops (D:12)
  2 gargoyles
  An efreet (D:9)
  A komodo dragon (D:12)
  3 trolls
  A two-headed ogre (D:9)
  A vampire (D:11)
  2 wraiths
  A spriggan (D:10)
  Sigmund (D:2)
  2 hippogriffs
  A steam dragon (D:12)
  Grum (D:8)
  The ghost of blooo the Charmwright, an amateur HESk (D:3)
  Duvessa (D:7)
  3 black bears
  13 orc warriors
  7 ice beasts
  4 sky beasts
  4 ogres
  2 wolves (D:8)
  4 centaurs
  3 phantoms
  A big kobold (D:10)
  Blork the orc (D:4)
  7 giant frogs
  A wyvern zombie (D:8)
  4 scorpions
  Dowan (D:7)
  8 killer bees
  5 wights (D:6)
  A howler monkey (D:7)
  An electric eel (D:7)
  7 crimson imps
  A giant frog zombie (D:9)
  A wasp zombie (D:11)
  A quasit (D:5)
  5 jellies
  7 hounds
  10 orc priests
  A centaur skeleton (D:9)
  A giant frog skeleton (D:8)
  3 iguanas
  14 worker ants
  Natasha (D:3)
  17 orc wizards
  2 hound zombies
  A hound skeleton (D:8)
  A howler monkey zombie (D:9)
  A worker ant zombie (D:11)
  11 adders
  9 gnolls
  5 shadow imps
  An ooze (D:2)
  An adder zombie (D:6)
  An adder skeleton (D:9)
  4 worms
  3 dart slugs
  4 giant geckos
  65 orcs
  6 ball pythons
  7 giant cockroaches
  9 goblins
  9 hobgoblins
  7 jackals
  9 kobolds
  6 quokkas
  7 bats
  4 giant newts
  A quokka skeleton (D:9)
  7 rats
345 creatures vanquished.

Notes
Turn   | Place    | Note
-------+----------+-------------------------------------------
     0 | D:1      | Gelly3 the Formicid Fighter began the quest for the Orb.
     0 | D:1      | Reached XP level 1. HP: 18/18 MP: 1/1
    47 | D:1      | Reached XP level 2. HP: 22/24 MP: 2/2
   204 | D:1      | Reached skill level 3 in Axes
   208 | D:1      | Reached XP level 3. HP: 24/29 MP: 3/3
   790 | D:2      | Reached XP level 4. HP: 22/35 MP: 4/4
   875 | D:2      | Reached skill level 4 in Axes
  1109 | D:2      | Noticed Sigmund
  1126 | D:2      | HP: 7/35 [Sigmund/scythe (12)]
  1128 | D:2      | Killed Sigmund
  1128 | D:2      | Reached skill level 5 in Axes
  1128 | D:2      | Reached XP level 5. HP: 9/41 MP: 5/5
  1128 | D:2      | Reached XP level 6. HP: 10/47 MP: 6/6
  1387 | D:2      | Found a stormy altar of Qazlal.
  1488 | D:2      | Reached skill level 6 in Axes
  1613 | D:3      | Noticed blooo's ghost (amateur HESk)
  1615 | D:3      | Noticed Natasha
  2116 | D:3      | Found a white marble altar of Elyvilon.
  2330 | D:3      | Killed blooo's ghost
  2330 | D:3      | Reached skill level 7 in Axes
  2330 | D:3      | Reached XP level 7. HP: 50/52 MP: 7/7
  2541 | D:3      | Killed Natasha
  3086 | D:4      | Noticed Blork the orc
  3096 | D:4      | Killed Blork the orc
  3189 | D:4      | Reached skill level 8 in Axes
  3402 | D:4      | Reached XP level 8. HP: 28/58 MP: 8/8
  3607 | D:4      | Found an opulent altar of Gozag.
  3879 | D:5      | Entered Level 5 of the Dungeon
  3985 | D:5      | Reached skill level 9 in Axes
  4670 | D:5      | Reached skill level 10 in Axes
  4975 | D:5      | Found a staircase to the Ecumenical Temple.
  5036 | Temple   | Entered the Ecumenical Temple
  5128 | Temple   | Became a worshipper of Uskayaw the Reveler
  5268 | D:6      | Reached * piety under Uskayaw
  5269 | D:6      | Reached XP level 9. HP: 62/64 MP: 9/9
  5288 | D:6      | Found a bloodstained altar of Trog.
  5312 | D:6      | Reached ** piety under Uskayaw
  5507 | D:6      | Reached skill level 11 in Axes
  5532 | D:6      | Reached *** piety under Uskayaw
  5539 | D:6      | Found Duifirig's Antique Armour Emporium.
  5552 | D:6      | Reached **** piety under Uskayaw
  5726 | D:6      | Bought a pitted chain mail for 218 gold pieces
  5737 | D:6      | Identified the +2 chain mail "Uluorgh" {rPois rN+ Int-4 Slay+6} (You bought it in a shop on level 6 of the Dungeon)
  5769 | D:6      | Gained mutation: Scrolls take you a little longer to read. [mutagenic meat]
  5772 | D:6      | Gained mutation: Armour fits poorly on your strangely shaped body. [mutagenic meat]
  5775 | D:6      | Gained mutation: You are partially covered in iridescent scales. (AC +2) [mutagenic meat]
  5781 | D:6      | Gained mutation: You are resistant to hostile enchantments. (MR+) [mutagenic meat]
  5784 | D:6      | Gained mutation: You are agile. (Dex +2) [mutagenic meat]
  6131 | D:7      | Found Kewkam's Book Boutique.
  6176 | D:7      | Reached skill level 12 in Axes
  6304 | D:7      | Found a glowing golden altar of the Shining One.
  6366 | D:7      | Noticed Dowan
  6367 | D:7      | Noticed Duvessa
  6372 | D:7      | Killed Dowan
  6372 | D:7      | Reached skill level 4 in Shields
  6375 | D:7      | Killed Duvessa
  6375 | D:7      | Reached skill level 5 in Shields
  6589 | D:7      | Reached skill level 6 in Shields
  6609 | D:7      | Reached XP level 10. HP: 35/70 MP: 10/10
  6727 | D:7      | Reached skill level 7 in Shields
  7408 | D:8      | Reached skill level 8 in Shields
  7422 | D:8      | Found a sparkling altar of Nemelex Xobeh.
  7552 | D:8      | Reached skill level 9 in Shields
  7594 | D:8      | Found Wemmocan's Food Boutique.
  7657 | D:8      | Reached skill level 4 in Fighting
  7821 | D:8      | Lost mutation: Scrolls take you a little longer to read. [mutagenic meat]
  7824 | D:8      | Gained mutation: Your spells are a little easier to cast, but a little less powerful. [mutagenic meat]
  7827 | D:8      | Lost mutation: Armour fits poorly on your strangely shaped body. [mutagenic meat]
  7830 | D:8      | Gained mutation: You are robust. (+10% HP) [mutagenic meat]
  7833 | D:8      | Gained mutation: Your magical capacity is low. (-10% MP) [mutagenic meat]
  7836 | D:8      | Lost mutation: Your spells are a little easier to cast, but a little less powerful. [mutagenic meat]
  7855 | D:8      | Noticed Grum
  7868 | D:8      | Killed Grum
  7868 | D:8      | Reached skill level 5 in Fighting
  7893 | D:8      | Noticed an ice statue
  8178 | D:8      | HP: 8/81 [something] (20)]
  8722 | D:8      | Reached skill level 6 in Fighting
  9213 | D:9      | Noticed an efreet
  9227 | D:9      | Killed an efreet
  9227 | D:9      | Reached skill level 2 in Throwing
  9448 | D:9      | Reached skill level 3 in Throwing
  9838 | D:9      | Reached skill level 4 in Throwing
  9903 | D:9      | Found a bloodstained altar of Trog.
 10120 | D:9      | Reached skill level 4 in Armour
 10120 | D:9      | Reached XP level 11. HP: 79/89 MP: 9/9
 10165 | D:9      | Identified the Papyrus of Glacial Shape Shifting
 10275 | D:9      | Reached skill level 5 in Armour
 10319 | D:9      | Found a shimmering altar of Xom.
 10698 | D:10     | Entered Level 10 of the Dungeon
 10821 | D:10     | Reached ***** piety under Uskayaw
 10831 | D:10     | Reached skill level 6 in Armour
 10835 | D:10     | Reached ****** piety under Uskayaw
 10877 | D:10     | Found a staircase to the Orcish Mines.
 10911 | D:10     | Gained mutation: You are dopey. (Int -2) [mutagenic meat]
 10914 | D:10     | Lost mutation: You are dopey. (Int -2) [mutagenic meat]
 10930 | D:10     | Lost mutation: You are agile. (Dex +2) [mutagenic meat]
 10954 | D:10     | Reached skill level 7 in Armour
 10995 | D:10     | Found Raesuowk's Magic Scroll Shop.
 11058 | D:10     | Bought a scroll of identify for 20 gold pieces
 11058 | D:10     | Bought a scroll of fear for 35 gold pieces
 11058 | D:10     | Bought a scroll of fog for 20 gold pieces
 11058 | D:10     | Bought a scroll of identify for 20 gold pieces
 11086 | D:10     | Got a scorched flail
 11087 | D:10     | Identified the +4 flail of Immorality {crush, +Inv Str+5 Dex+5} (You found it on level 10 of the Dungeon)
 11303 | D:10     | Reached skill level 8 in Armour
 11308 | D:10     | Reached skill level 1 in Dodging
 11397 | D:10     | Reached skill level 2 in Dodging
 11772 | D:11     | Reached skill level 3 in Dodging
 11924 | D:11     | Noticed a cyan ugly thing
 11939 | D:11     | Killed a cyan ugly thing
 11940 | D:11     | Reached skill level 4 in Dodging
 12121 | D:11     | Found Ikhiurack's Weapon Boutique.
 12132 | D:11     | Found a glowing golden altar of the Shining One.
 12373 | D:11     | Gained mutation: Scrolls take you a little longer to read. [mutagenic meat]
 12376 | D:11     | Gained mutation: You are mostly covered in iridescent scales. (AC +4) [mutagenic meat]
 12382 | D:11     | Gained mutation: You are highly resistant to hostile enchantments. (MR++) [mutagenic meat]
 12416 | D:11     | Found a blossoming altar of Fedhas.
 12419 | D:11     | Noticed an oklob plant
 12419 | D:11     | Noticed an oklob plant
 12497 | D:11     | Reached skill level 5 in Dodging
 12544 | D:11     | Found a staircase to the Lair.
 12934 | D:12     | Noticed a manticore
 12952 | D:12     | Killed a manticore
 13084 | D:12     | Reached skill level 6 in Dodging
 13255 | D:12     | Reached skill level 1 in Invocations
 13290 | D:12     | Reached skill level 2 in Invocations
 13319 | D:12     | Reached XP level 12. HP: 96/96 MP: 12/12
 13389 | D:12     | Reached skill level 3 in Invocations
 13535 | D:12     | Reached skill level 4 in Invocations
 13544 | D:12     | Reached skill level 5 in Invocations
 13601 | D:12     | Reached skill level 6 in Invocations
 13669 | D:12     | Reached skill level 7 in Invocations
 13766 | D:12     | HP: 22/96 [acid (7)]
 13771 | D:12     | HP: 5/96 [two-headed ogre/giant spiked club (17)]
 13774 | D:12     | HP: 1/96 [two-headed ogre/giant spiked club (21)]
 13775 | D:12     | Mangled by a two-headed ogre

Vault maps used:
D:1:      scummos_arrival_forest
D:2:      grunt_qazlal_clouds, uniq_sigmund
D:3:      minmay_diamond_boxcup, elyvilon_altar_5, uniq_natasha
D:4:      first_bread, grunt_gozag_statues, uniq_blork_the_orc
D:6:      serial_shops, nicolae_shop_waterfront, trog_three_pillars_becter
D:7:      statuecave_lemuel, tso_altar, serial_shops, nicolae_shop_trees,
          uniq_duvessa
D:8:      minmay_statue_hallways, basic_altar, serial_shops, shop, uniq_grum
D:9:      minmay_opposing_rooms, kennysheep_mini_moat, lemuel_crystal_altar
D:10:     hiddenorc2_lemuel, serial_shops, shop, the_bakery
D:11:     lair_0_dummy, basic_altar, serial_shops, shop,
          minmay_misc_feat_pillars, hangedman_tree_tricks, grunt_ministairs_5,
          hangedman_abyss_or_decor_clamps, corexii_hall_statues_l
D:12:     basic_altar, uniq_erolcha
Temple:   minmay_crystal_spiral_temple

Skill      XL: |  1  2  3  4  5  6  7  8  9 10 11 12 |
---------------+-------------------------------------+-----
Axes           | 3 5 7 8 10 12 | 12.0
Shields        | 6 9 |  9.0
Fighting       | 6 |  6.0
Throwing       | 4 |  4.1
Armour         | 4 8 |  8.2
Dodging        | 6 |  6.0
Invocations    | 2 7 |  7.6

Action                   |  1- 3 |  4- 6 |  7- 9 | 10-12 || total
-------------------------+-------+-------+-------+-------++-------
Melee: War axe           |    71 |   133 |   398 |   529 ||  1131
       Flail             |       |       |       |    34 ||    34
Throw: Stone             |       |       |    99 |   190 ||   289
Invok: Stomp             |       |       |       |     1 ||     1
       Line Pass         |       |       |       |     1 ||     1
 Abil: Dig               |       |     1 |     4 |     3 ||     8
Evoke: Wand              |       |       |       |     6 ||     6
  Use: Potion            |       |     1 |       |    11 ||    12
       Scroll            |       |       |     4 |    17 ||    21
 Stab: Paralysed         |       |       |     9 |    28 ||    37
  Eat: Chunk             |       |     5 |    15 |    39 ||    59
       Bread ration      |       |       |     1 |       ||     1
       Pizza             |       |       |     1 |       ||     1
       Beef jerky        |       |       |       |     1 ||     1
Armor: Scale mail        |    27 |    58 |   107 |       ||   192
       Chain mail        |       |       |    27 |   166 ||   193
Dodge: Dodged            |    24 |    33 |   114 |   111 ||   282
Block: Shield            |    40 |    49 |   161 |   258 ||   508

Vault maps used:
D:1:      scummos_arrival_forest
D:2:      grunt_qazlal_clouds, uniq_sigmund
D:3:      minmay_diamond_boxcup, elyvilon_altar_5, uniq_natasha
D:4:      first_bread, grunt_gozag_statues, uniq_blork_the_orc
D:6:      serial_shops, nicolae_shop_waterfront, trog_three_pillars_becter
D:7:      statuecave_lemuel, tso_altar, serial_shops, nicolae_shop_trees,
          uniq_duvessa
D:8:      minmay_statue_hallways, basic_altar, serial_shops, shop, uniq_grum
D:9:      minmay_opposing_rooms, kennysheep_mini_moat, lemuel_crystal_altar
D:10:     hiddenorc2_lemuel, serial_shops, shop, the_bakery
D:11:     lair_0_dummy, basic_altar, serial_shops, shop,
          minmay_misc_feat_pillars, hangedman_tree_tricks, grunt_ministairs_5,
          hangedman_abyss_or_decor_clamps, corexii_hall_statues_l
D:12:     basic_altar, uniq_erolcha
Temple:   minmay_crystal_spiral_temple

Table legend:
 A = Turns spent in this place as a percentage of turns spent in the entire game.
 B = Non-inter-level travel turns spent in this place as a percentage of non-inter-level travel turns spent in the entire game.
 C = Inter-level travel turns spent in this place as a percentage of turns spent in this place.
 D = Turns resting spent in this place as a percentage of non-inter-level travel turns spent in this place.
 E = Turns spent auto-exploring this place as a percentage of non-inter-level travel turns spent in this place.
 F = Non-inter-level travel turns spent in this place divided by the number of levels of this place that you've seen.
                   A       B       C       D       E      F
               +-------+-------+-------+-------+-------+----------------------
         Total | 100.0 | 100.0 |   0.5 |   2.3 |  11.9 | 300.8
       Dungeon |  99.3 |  99.4 |   0.5 |   2.3 |  11.5 | 323.8
        Temple |   0.7 |   0.6 |   3.8 |   0.0 |  80.0 |  25.0
               +-------+-------+-------+-------+-------+----------------------

Table legend:
 A = Kills in this place as a percentage of kills in entire the game.
 B = Kills by you in this place as a percentage of kills by you in the entire game.
 C = Kills by friends in this place as a percentage of kills by friends in the entire game.
 D = Other kills in this place as a percentage of other kills in the entire game.
 E = Experience gained in this place as a percentage of experience gained in the entire game.
 F = Experience gained in this place divided by the number of levels of this place that you have seen.
                   A       B       C       D       E      F
               +-------+-------+-------+-------+-------+----------------------
         Total | 100.0 | 100.0 |  -nan |  -nan | 100.0 | 1475.3
       Dungeon | 100.0 | 100.0 |  -nan |  -nan | 100.0 | 1598.2
               +-------+-------+-------+-------+-------+----------------------
